 Dungeon Sprint DCSS version 0.29-a0-923-g6e406bff71 (webtiles) character file.

Game seed: 8140509565947136717

10 Hipnos the Firebug (level 2, -5/15 HPs)
             Began as a Deep Elf Fire Elementalist on July 27, 2022.
             Slain by a neqoxec (14 damage)
             ... in the Dungeon (Sprint II: "The Violet Keep of Menkaure").
             The game lasted 00:01:12 (262 turns).

Hipnos the Firebug (Deep Elf Fire Elementalist)      Turns: 262, Time: 00:01:13

Health: -5/15      AC:  2    Str:  5      XL:     2   Next: 10%
Magic:  8/8        EV: 13    Int: 18 (19) God:
Gold:   243        SH:  0    Dex: 15      Spells: 5/8 levels left

rFire   . . .      SeeInvis .   (no weapon)
rCold   . . .      Faith    .   (no shield)
rNeg    . . .      Spirit   .   a - +0 robe
rPois   .          Reflect  .   (no helmet)
rElec   .          Harm     .   (no cloak)
rCorr   .          Rampage  .   (no gloves)
Will    .....      NoTele   +   (no boots)
Stlth   ++........              (no amulet)
HPRegen 0.05/turn               (no ring)
MPRegen 0.11/turn               (no ring)

@: no status effects
A: deterioration 1
a: no special abilities


You were in the Dungeon.
You visited 1 branch You collected 243 gold pieces.

Inventory:

Armour
 a - a +0 robe (worn)
Scrolls
 g - a scroll of blinking
Potions
 b - 2 potions of magic
 e - a potion of haste


   Skills:
 + Level 3.2 Dodging
 + Level 2.9 Stealth
 + Level 3.9 Spellcasting
 + Level 1.3 Conjurations
 + Level 4.6 Fire Magic


You had 5 spell levels left.
You knew the following spells:

 Your Spells              Type           Power      Damage    Failure   Level
a - Foxfire               Conj/Fire      56%        2x1d6     4%          1
b - Scorch                Fire           40%        2d7       3%          2

Your spell library contained the following spells:

 Spells                   Type           Power      Damage    Failure   Level
 Conjure Flame            Conj/Fire      14%        6-21      13%         3
 Inner Flame              Hex/Fire       11%        N/A       17%         3
 Flame Wave               Conj/Fire      14%        2d6       41%         4


Dungeon Overview and Level Annotations

Branches:
Dungeon (1/1)

Altars:


Innate Abilities, Weirdness & Mutations

Your body sometimes deteriorates upon taking damage.


Message History

The neqoxec misses you.
Casting: Scorch (safe; 3% risk of failure)
Confirm with . or Enter, or press ? or * to list all spells.
Flames lash the neqoxec.
The neqoxec is moderately wounded.
The neqoxec's fire resistance burns away.
The neqoxec hits you!
Ouch! That really hurt!
* * * LOW HITPOINT WARNING * * *
The neqoxec attacks as you move away!
The neqoxec hits you but does no damage.
The neqoxec gestures at you.
Something tries to feed on your intellect!
You see here a worm corpse.
There is an open door here.
You feel much better. The neqoxec gestures at you.
Strange energies course through your body.
You feel yourself wasting away.
Casting: Scorch (safe; 3% risk of failure)
Confirm with . or Enter, or press ? or * to list all spells.
Flames lash the neqoxec.
The neqoxec is moderately wounded.
The neqoxec's fire resistance burns away.
Casting: Scorch (safe; 3% risk of failure)
Confirm with . or Enter, or press ? or * to list all spells.
Flames lash the neqoxec.
The neqoxec is burned terribly!
The neqoxec is heavily wounded.
The neqoxec hits you!
Ouch! That really hurt!
* * * LOW HITPOINT WARNING * * *
Your body deteriorates!
You feel dopey. The neqoxec attacks as you move away!
The neqoxec closely misses you.
You feel better. The neqoxec completely misses you.
Casting: Scorch (safe; 3% risk of failure)
Confirm with . or Enter, or press ? or * to list all spells.
You don't have enough magic to cast this spell.
Magic courses through your body. The neqoxec hits you!
Ouch! That really hurt!
You die...

###
##3###+#
#.3.##.##
+@##'3<.+
###.##3##
#.###'#
###


333 ..##. ### ## You could see 2 neqoxecs.

Vanquished Creatures
  3 worms (D)
3 creatures vanquished.

Vanquished Creatures (others)
  15 foxfires (D)
15 creatures vanquished.

Grand Total: 18 creatures vanquished

Notes
Turn   | Place    | Note
-------+----------+-------------------------------------------
     0 | D        | Hipnos the Deep Elf Fire Elementalist began the quest for
                  | the Orb.
     0 | D        | Reached XP level 1. HP: 10/10 MP: 6/6
    15 | D        | Reached skill level 4 in Fire Magic
   183 | D        | Reached XP level 2. HP: 15/15 MP: 3/8
   231 | D        | Learned a level 2 spell: Scorch
   250 | D        | Noticed a neqoxec
   250 | D        | Noticed a neqoxec
   250 | D        | Noticed a neqoxec
   250 | D        | Noticed a neqoxec
   255 | D        | Gained mutation: Your body sometimes deteriorates upon
                  | taking damage. [a neqoxec]
   262 | D        | Slain by a neqoxec

Illustrated notes

Levels and vault maps discovered:
D:        the_violet_keep_of_menkaure [sprint2_stairs_cluster_1,
          sprint2_shoproom, sprint2_temple, sprint2_basic_supplies,
          sprint2_obstacle_4, sprint2_obstacle_1, sprint2_obstacle_7,
          sprint2_obstacle_5, sprint2_obstacle_6, sprint2_timed_cluster_1,
          sprint2_smallroom_cluster_1, sprint2_smallroom_final_cluster_1,
          sprint2_transparent_cluster_1, sprint2_second_timed_cluster_1,
          sprint2_sniper_area_1, sprint2_heavy_combat_area_1,
          sprint2_mutation_trap_area_1, sprint2_forest_area_1,
          sprint2_light_combat_area_1, sprint2_behind_water_1,
          sprint2_near_end_vault_1]

Skill      XL: |  1 |
---------------+----+-----
Fire Magic     | 4 |  4.6
Dodging        | 3 |  3.2
Stealth        | |  2.9
Spellcasting   | |  3.9
Conjurations   | |  1.3

Action                   || total
-------------------------++-------
Melee: Unarmed           ||     5
 Cast: Foxfire           ||    10
       Scorch            ||     4
  Use: Potion            ||     4
Armor: Robe              ||     2
Dodge: Dodged            ||     4

Table legend: (Time is in decaauts)
 A = Elapsed time spent in this place.
 B = Non-inter-level travel time spent in this place.
 C = Inter-level travel time spent in this place.
 D = Time resting spent in this place.
 E = Time spent auto-exploring this place.
 F = Levels seen in this place.
 G = Mean time per level.
                   A        B        C        D        E       F      G
               +--------+--------+--------+--------+--------+-----+--------+
         Total |    268 |    268 |      0 |    207 |      0 |   1 |  268.0 |
       Dungeon |    268 |    268 |      0 |    207 |      0 |   1 |  268.0 |
               +--------+--------+--------+--------+--------+-----+--------+

Top non-repeatable levels by time:
       D: 268 daAuts
